 Dungeon Crawl Stone Soup version 0.30-a0-385-gfebfb9b408 (webtiles) character file.

Game seed: 1260397605578707145

21 funkygono the Firebug (level 2, -2/19 HPs)
             Began as a Demonspawn Fire Elementalist on Dec 2, 2022.
             Killed from afar by Sigmund (6 damage)
             ... with a puff of flame
             ... on level 2 of the Dungeon.
             The game lasted 00:02:08 (1291 turns).

funkygono the Firebug (DsFE)                        Turns: 1291, Time: 00:02:09

Health: -2/19      AC:  3    Str:  8    XL:     2   Next: 62%
Magic:  1/5        EV: 12    Int: 16    God:
Gold:   57         SH:  0    Dex: 13    Spells: 3/6 levels left

rFire   . . .      SeeInvis .    c - +0 whip
rCold   . . .      Faith    .    (no shield)
rNeg    . . .      Spirit   .    a - +0 robe
rPois   .          Reflect  .    (no helmet)
rElec   .          Harm     .    e - +0 cloak
rCorr   .          Rampage  .    (no gloves)
Will    .....                    (no boots)
Stlth   ++........               (no amulet)
HPRegen 0.23/turn                (no ring)
MPRegen 0.09/turn                (no ring)

@: no status effects
A: sturdy frame 1
a: no special abilities


You were on level 2 of the Dungeon.
You visited 1 branch of the dungeon, and saw 2 of its levels.

You collected 57 gold pieces.

Inventory:

Hand Weapons
 c - a +0 whip (weapon)
Armour
 a - a +0 robe (worn)
 e - a +0 cloak (worn)
Scrolls
 d - a scroll of silence {unknown}
 g - 2 scrolls of identify {unknown}
 h - a scroll of acquirement {unknown}
 i - a scroll of teleportation {unknown}
Potions
 f - 2 potions of brilliance {unknown}


   Skills:
 + Level 1.8 Dodging
 - Level 1.7 Stealth
 + Level 2.5 Spellcasting
 + Level 1.0 Conjurations
 + Level 3.1 Fire Magic


You had 3 spell levels left.
You knew the following spells:

 Your Spells              Type           Power      Damage    Failure   Level
a - Foxfire               Conj/Fire      32%        2x1d5     9%          1
b - Scorch                Fire           24%        2d6       9%          2

Your spell library contained the following spells:

 Spells                   Type           Power      Damage    Failure   Level
 Cigotuvi's Dreadful Rot  Necr/Pois/Air  4%         N/A       30%         2
 Poisonous Vapours        Pois/Air       4%         N/A       30%         2
 Inner Flame              Hex/Fire       7%         N/A       30%         3
 Kindle Blastsparks       Fire/Tloc/Air  10%        2d10      36%         3
 Mephitic Cloud           Conj/Pois/Air  3%         N/A       45%         3
 Ozocubu's Armour         Ice            2%         N/A       52%         3
 Flame Wave               Conj/Fire      8%         2d5       63%         4
 Metabolic Englaciation   Hex/Ice        1%         N/A       99%         5
 Simulacrum               Ice/Necr       1%         N/A       100%        6


Dungeon Overview and Level Annotations

Branches:
Dungeon (2/15)

Altars:

Annotations:
D:2 Sigmund


Innate Abilities, Weirdness & Mutations

Your movements are slightly less encumbered by armour. (ER -2)


Message History

Sigmund drinks a potion.
Sigmund seems to speed up.
Casting: Foxfire (safe; 9% risk of failure)
Confirm with . or Enter, or press ? or * to list all spells.
You miscast Scorch.
You are very lightly contaminated with residual magic.
Nothing appears to happen.
Casting: Scorch (safe; 9% risk of failure)
Confirm with . or Enter, or press ? or * to list all spells.
Flames lash Sigmund.
Sigmund is heavily wounded.
Sigmund's fire resistance burns away.
You hear a shout! x4
Sigmund laughs darkly.
Sigmund closely misses you.
You hear a shout!
Magic courses through your body.
Sigmund hits you from afar with a +0 scythe!
Casting: Scorch (safe; 9% risk of failure)
Confirm with . or Enter, or press ? or * to list all spells.
You don't know that spell.
Casting: Scorch (safe; 9% risk of failure)
Confirm with . or Enter, or press ? or * to list all spells.
Flames lash Sigmund.
Sigmund is burned terribly!
Sigmund is heavily wounded.
Sigmund closely misses you.
Casting: Scorch (safe; 9% risk of failure)
Confirm with . or Enter, or press ? or * to list all spells.
Flames lash Sigmund.
Sigmund is burned terribly!
Sigmund is almost dead.
You hear a shout!
Sigmund hits you from afar with a +0 scythe!
* * * LOW HITPOINT WARNING * * *
Sigmund mumbles some strange words.
Sigmund flickers and vanishes!
Deactivating autopickup; reactivate with Ctrl-A.
Something barely misses you.
Your magical contamination has completely faded away.
A puff of flame appears from out of thin air!
The puff of flame hits you.
You die...

#.# ###
#.# #.#
#.# #.#
#.# #.#
#.#
#@######
#...{..#
######g#
#.# #{#
#g#
#gg...g..
#......gg
#....>.bg


You could see a goblin.

Vanquished Creatures
  A bat (D:1)
  2 endoplasms (D:1)
  A giant cockroach (D:1)
  2 goblins (D:1)
  A hobgoblin (D:1)
  2 ball pythons (D:1)
  6 kobolds (D:1)
  5 rats (D:1)
20 creatures vanquished.

Vanquished Creatures (others)
  48 foxfires (D:1)
48 creatures vanquished.

Grand Total: 68 creatures vanquished

Notes
Turn   | Place    | Note
-------+----------+-------------------------------------------
     0 | D:1      | funkygono the Demonspawn Fire Elementalist began the quest
                  | for the Orb.
     0 | D:1      | Reached XP level 1. HP: 13/13 MP: 3/3
   378 | D:1      | Gained mutation: Your movements are slightly less
                  | encumbered by armour. (ER -2) [demonic ancestry]
   378 | D:1      | Reached XP level 2. HP: 19/19 MP: 1/5
   381 | D:1      | Learned a level 2 spell: Scorch
   434 | D:1      | Reached skill level 3 in Fire Magic
  1194 | D:2      | Found a faded altar of an unknown god.
  1267 | D:2      | Noticed Sigmund
  1291 | D:2      | Killed from afar by Sigmund

Illustrated notes

Levels and vault maps discovered:
D:1:      sevenhm_arrival_forest_fort_small_3, layout_basic
D:2:      layout_basic, nicolae_ecumenical_oubliette, serial_corexii_hall,
          chequers_hall_statues_wall_a, corexii_hall_statues_x,
          corexii_hall_statues_deadend, corexii_hall_statues_l,
          corexii_hall_statues_x, corexii_hall_statues_l, uniq_jessica,
          uniq_robin, uniq_sigmund

Skill      XL: |  1  2 |
---------------+-------+-----
Fire Magic     | 3 |  3.1
Dodging        | |  1.8
Stealth        | |  1.7
Spellcasting   | |  2.5
Conjurations   | |  1.0

Action                   || total
-------------------------++-------
 Cast: Foxfire           ||    29
       Scorch            ||     4
  Use: Potion            ||     1
Armor: Robe              ||     1
Dodge: Dodged            ||     8

Table legend: (Time is in decaauts)
 A = Elapsed time spent in this place.
 B = Non-inter-level travel time spent in this place.
 C = Inter-level travel time spent in this place.
 D = Time resting spent in this place.
 E = Time spent auto-exploring this place.
 F = Levels seen in this place.
 G = Mean time per level.
                   A        B        C        D        E       F      G
               +--------+--------+--------+--------+--------+-----+--------+
         Total |   1290 |   1279 |     11 |      0 |   1070 |   2 |  645.0 |
       Dungeon |   1290 |   1279 |     11 |      0 |   1070 |   2 |  645.0 |
               +--------+--------+--------+--------+--------+-----+--------+

Top non-repeatable levels by time:
     D:1: 1235 daAuts
     D:2: 55 daAuts
